[Event "November 21 Late 2023"]
[Site "https://www.chess.com"]
[Date "2023.11.21"]
[Round "3"]
[White "Skvortsov, Andrei"]
[Black "Shton, Roman"]
[Result "1-0"]
[Board "63"]
[TimeControl "180+1"]
[WhiteFideId "24108600"]
[BlackFideId "14137461"]
[WhiteElo "2357"]
[BlackElo "2027"]
[WhiteTeam "MNE"]
[BlackTeam "UKR"]
[WhiteClock "0:00:11"]
[BlackClock "0:00:05"]

1. d4 Nf6 2. Bf4 c5 3. c3 Nd5 4. Bd2 cxd4 5. cxd4 g6 6. e4 Nb6 7. Nc3 Bg7 8. Nf3 d6 9. h3 O-O 10. Bd3 Nc6 11. Ne2 e5 12. d5 Ne7 13. Nc3 f5 14. Bg5 h6 15. Bxe7 Qxe7 16. Qc2 Bd7 17. O-O-O Rac8 18. Kb1 f4 19. Nd2 Na4 20. Nxa4 Rxc2 21. Bxc2 b5 22. Nc3 Rc8 23. Nf3 b4 24. Ne2 Bb5 25. Nc1 Qc7 26. Rd2 g5 27. Nd3 a5 28. Rc1 Bf6 29. Nfe1 Qb6 30. Bd1 Rxc1+ 31. Nxc1 a4 32. Nf3 h5 33. Ne1 Be8 34. Nc2 Kg7 35. a3 bxa3 36. Nxa3 Kh6 37. Na2 g4 38. hxg4 hxg4 39. Bxg4 Bh4 40. Nc3 Bxf2 41. Nc4 Qc5 42. Nxe5 dxe5 43. d6 Bd4 44. d7 Bxd7 45. Bxd7 Bxc3 46. bxc3 Qxc3 47. Rc2 Qd3 48. Bxa4 Qxe4 49. Bc6 Qd3 50. Kb2 e4 51. Rc3 Qd2+ 52. Rc2 Qb4+ 53. Kc1 e3 54. Bf3 Qe1+ 55. Kb2 Qb4+ 56. Ka2 Kg5 57. Re2 Kh4 58. Rc2 Kg3 59. Rb2 Qc4+ 60. Ka3 Qc3+ 61. Ka2 Qe1 62. Kb3 Qf2 63. Rc2 Qxf3 64. gxf3 Kxf3 65. Kc3 e2 66. Kd2 Kf2 67. Rc1 f3 68. Re1 Kg3 69. Rg1+ Kf2 70. Ra1 Kg2 71. Ke1 Kg1 72. Rb1 Kg2 73. Rc1 Kg1 74. Kd2+ Kg2 75. Ke3 Kg3 76. Rg1+ Kh2 77. Kf2 Kh3 78. Re1 Kg4 79. Rg1+ Kf4 80. Ra1 Kg4 81. Ra4+ Kh3 82. Re4 e1=Q+ 83. Rxe1 Kh2 84. Rg1 Kh3 85. Rg3+ Kh2 86. Kxf3 Kh1 87. Kf2 Kh2 88. Re3 Kh1 89. Rh3# 1-0

[Event "November 21 Late 2023"]
[Site "https://www.chess.com"]
[Date "2023.11.21"]
[Round "3"]
[White "Zakaryan, David"]
[Black "Rangel, Daniel"]
[Result "1-0"]
[Board "64"]
[TimeControl "180+1"]
[WhiteFideId "24101923"]
[BlackFideId "2124475"]
[WhiteElo "2323"]
[BlackElo "2267"]
[WhiteTeam "RUS"]
[BlackTeam "BRA"]
[WhiteClock "0:00:28"]
[BlackClock "0:00:04"]

1. Nf3 Nf6 2. c4 g6 3. Nc3 Bg7 4. e4 d6 5. d4 O-O 6. h3 c5 7. Be3 cxd4 8. Nxd4 Nc6 9. Be2 Nxd4 10. Bxd4 Bd7 11. O-O Bc6 12. Qc2 Nd7 13. Bxg7 Kxg7 14. b4 b6 15. f4 Qc7 16. Qd2 a5 17. a3 axb4 18. axb4 Rxa1 19. Rxa1 Ra8 20. Rxa8 Bxa8 21. Qa2 Bb7 22. Qa7 Qb8 23. Qxb8 Nxb8 24. Kf2 Nd7 25. Ke3 Kf8 26. g4 e6 27. g5 Bc6 28. h4 Kg7 29. Bg4 h5 30. Bd1 Kf8 31. Ne2 f5 32. exf5 exf5 33. Nc3 Nb8 34. Kd4 Ke7 35. Ba4 Bb7 36. Bb5 Bc6 37. Nd5+ Bxd5 38. Kxd5 Nd7 39. Bxd7 Kxd7 40. b5 Ke7 41. Kc6 Ke6 42. Kxb6 d5 43. cxd5+ Kxd5 44. Kc7 Ke4 45. b6 Kxf4 46. b7 Kg4 47. b8=Q f4 48. Qb6 Kxh4 49. Qxg6 f3 50. Qf6 Kg3 51. g6 f2 52. g7 f1=Q 53. g8=Q+ Kh2 54. Qh4+ Qh3 55. Qf2+ Kh1 56. Qfg1# 1-0

[Event "November 21 Late 2023"]
[Site "https://www.chess.com"]
[Date "2023.11.21"]
[Round "3"]
[White "Della Morte, German"]
[Black "Nazari, Arad"]
[Result "0-1"]
[Board "65"]
[TimeControl "180+1"]
[WhiteFideId "113522"]
[BlackFideId "12577324"]
[WhiteElo "2306"]
[BlackElo "2100"]
[WhiteTeam "ARG"]
[BlackTeam "IRI"]
[WhiteClock "0:01:30"]
[BlackClock "0:00:51"]

1. e4 c5 2. Nc3 d6 3. g3 g6 4. Bg2 Bg7 5. d3 e6 6. f3 Ne7 7. Nge2 O-O 8. O-O Nbc6 9. Be3 a6 10. Rb1 b5 11. a3 Bb7 12. f4 f5 13. d4 cxd4 14. Nxd4 Nxd4 15. Bxd4 e5 16. Be3 Rc8 17. Qd2 exf4 18. Bxf4 Bxc3 19. bxc3 fxe4 20. Qxd6 Qxd6 21. Bxd6 Rxf1+ 22. Rxf1 Nf5 23. Be5 Rc5 24. Bf6 Rc4 25. g4 Ne3 26. Re1 Nxc2 27. Rd1 Ne3 28. Rd7 Bc6 29. Rg7+ Kf8 30. Rxh7 Nxg2 31. Kf2 e3+ 0-1

[Event "November 21 Late 2023"]
[Site "https://www.chess.com"]
[Date "2023.11.21"]
[Round "3"]
[White "Sydoryka, Vladyslav"]
[Black "Przybylski, Wojciech"]
[Result "0-1"]
[Board "66"]
[TimeControl "180+1"]
[WhiteFideId "14145928"]
[BlackFideId "1117599"]
[WhiteElo "2271"]
[BlackElo "2203"]
[WhiteTeam "UKR"]
[BlackTeam "POL"]
[WhiteClock "0:00:00"]
[BlackClock "0:00:06"]

1. c4 e5 2. g3 Nf6 3. Bg2 d5 4. cxd5 Nxd5 5. Nf3 Nc6 6. O-O Be7 7. d4 e4 8. Ne5 f5 9. Nxc6 bxc6 10. Qc2 Bb7 11. f3 exf3 12. Rxf3 g6 13. Bh6 Bf6 14. e3 Qe7 15. Nc3 O-O-O 16. Na4 Nb6 17. Nc5 Rxd4 18. exd4 Bxd4+ 19. Kh1 Qxc5 20. Qxc5 Bxc5 21. Bg7 Rg8 22. Bc3 Bd6 23. Re3 Nd5 24. Re6 Kd7 25. Rae1 f4 26. Bh3 Kd8 27. gxf4 Bxf4 28. Bg2 Bc8 29. R6e2 Bg4 30. Re4 g5 31. Rd4 Bd7 32. h3 Bd6 33. Ra4 Bc5 34. Bd4 Bxd4 35. Rxd4 Kc8 36. Ra4 Kb7 37. Rd1 g4 38. hxg4 Bxg4 39. Rxd5 Rg6 0-1

[Event "November 21 Late 2023"]
[Site "https://www.chess.com"]
[Date "2023.11.21"]
[Round "3"]
[White "Keleberda, Tymur"]
[Black "Korchmar, Vasiliy"]
[Result "0-1"]
[Board "67"]
[TimeControl "180+1"]
[WhiteFideId "14174294"]
[BlackFideId "24131750"]
[WhiteElo "2198"]
[BlackElo "2372"]
[WhiteTeam "CAN"]
[BlackTeam "RUS"]
[WhiteClock "0:00:30"]
[BlackClock "0:00:09"]

1. e4 c5 2. Nf3 d6 3. c3 Nf6 4. h3 g6 5. Bd3 Bg7 6. Bc2 e5 7. d4 exd4 8. cxd4 cxd4 9. Nxd4 O-O 10. O-O Nc6 11. Nc3 Nxe4 12. Nxc6 Nxc3 13. Nxd8 Nxd1 14. Nxf7 Nxb2 15. Nh6+ Kh8 16. Rb1 Nc4 17. Rd1 Rb8 18. Be4 Be6 19. Rxb7 Rxb7 20. Bxb7 Rb8 21. Be4 Be5 22. Ng4 Bxg4 23. hxg4 Kg7 24. Bd5 Nb2 25. Rf1 Bd4 26. Be3 Bxe3 27. fxe3 Kh6 28. Rf7 Nd1 29. e4 Ne3 30. Rxa7 Nxg4 31. Rf7 Rb2 32. Rf1 Ne3 33. Rf2 Rb1+ 34. Kh2 Ng4+ 35. Kg3 Nxf2 36. Kxf2 Kg5 37. a4 Ra1 38. Bc6 Kf4 39. Ke2 Ra2+ 40. Kd3 Rxg2 41. Kd4 Ra2 42. Kd5 Rd2+ 43. Ke6 h5 44. a5 Ra2 45. Kxd6 Rxa5 46. Bd5 h4 47. e5 h3 48. e6 h2 49. e7 Rxd5+ 50. Kxd5 h1=Q+ 51. Ke6 Qh8 52. Kf7 g5 53. e8=Q Qxe8+ 54. Kxe8 g4 55. Kd7 g3 56. Ke6 g2 57. Kd5 g1=Q 58. Kc4 Qe3 59. Kd5 Qe5+ 60. Kc6 Qd4 0-1

[Event "November 21 Late 2023"]
[Site "https://www.chess.com"]
[Date "2023.11.21"]
[Round "3"]
[White "Goltsev, Dmitry"]
[Black "Suder, Jakub"]
[Result "1-0"]
[Board "68"]
[TimeControl "180+1"]
[WhiteFideId "24176710"]
[BlackFideId "1195310"]
[WhiteElo "2370"]
[BlackElo "2248"]
[WhiteTeam "RUS"]
[BlackTeam "POL"]
[WhiteClock "0:00:13"]
[BlackClock "0:00:37"]

1. e4 c5 2. Nf3 e6 3. d4 cxd4 4. Nxd4 Nc6 5. Nc3 Nf6 6. Be2 Bb4 7. Qd3 d5 8. exd5 Nxd5 9. Bd2 Nxc3 10. bxc3 Be7 11. O-O O-O 12. Rab1 Qc7 13. Rfe1 Rd8 14. Nb5 Rxd3 15. Nxc7 Rxd2 16. Nxa8 Bd8 17. Bf3 Na5 18. Red1 Rxd1+ 19. Rxd1 Bf6 20. Nc7 Kf8 21. Nb5 Ke7 22. Nxa7 Bd7 23. c4 Nxc4 24. Bxb7 Nb2 25. Rb1 Kd6 26. c4 Nxc4 27. Nb5+ Kc5 28. a4 Na5 29. Bf3 e5 30. Nc3 Bd8 31. Rd1 1-0

[Event "November 21 Late 2023"]
[Site "https://www.chess.com"]
[Date "2023.11.21"]
[Round "3"]
[White "ATM622"]
[Black "Gubajdullin, Alexei"]
[Result "1-0"]
[Board "69"]
[TimeControl "180+1"]
[BlackFideId "4141202"]
[WhiteElo "2451"]
[BlackElo "2280"]
[BlackTeam "RUS"]
[WhiteClock "0:00:06"]
[BlackClock "0:00:23"]

1. d4 Nf6 2. c4 g6 3. g3 Bg7 4. Bg2 O-O 5. Nf3 d6 6. Nc3 Nbd7 7. O-O e5 8. dxe5 dxe5 9. Qc2 Re8 10. Rd1 c6 11. Nd2 Qe7 12. b3 Nf8 13. a4 Ne6 14. e3 Ng5 15. Ba3 Qc7 16. h4 Nh3+ 17. Kf1 Bf5 18. Nde4 Nxf2 19. Kxf2 Ng4+ 20. Ke2 Bh6 21. Rd3 Qb6 22. Bc5 Qc7 23. Bd6 Qc8 24. Rf1 Re6 25. Ba3 b5 26. axb5 cxb5 27. Nxb5 Rb8 28. Nbd6 Qa6 29. Ra1 Qb6 30. Bc5 Qc7 31. Rxa7 Qd8 32. Nxf5 Qc8 33. Ne7+ Rxe7 34. Bxe7 Nh2 35. Nf6+ Kh8 36. Rd8+ Qxd8 37. Bxd8 Rxd8 38. Rxf7 Bg7 39. Qe4 Rb8 40. Qc6 Rd8 41. Qc7 Bxf6 42. Rxh7+ Kg8 43. Qf7# 1-0

[Event "November 21 Late 2023"]
[Site "https://www.chess.com"]
[Date "2023.11.21"]
[Round "3"]
[White "Joie, Sebastien"]
[Black "Sourath Biswas"]
[Result "1-0"]
[Board "70"]
[TimeControl "180+1"]
[WhiteFideId "650420"]
[BlackFideId "35091484"]
[WhiteElo "2396"]
[BlackElo "2171"]
[WhiteTeam "FRA"]
[BlackTeam "IND"]
[WhiteClock "0:02:26"]
[BlackClock "0:01:01"]

1. d4 Nf6 2. c4 g6 3. Nc3 Bg7 4. e4 O-O 5. f4 d6 6. Nf3 c5 7. d5 e6 8. Be2 exd5 9. cxd5 Re8 10. e5 dxe5 11. fxe5 Ng4 12. e6 fxe6 13. d6 Nc6 14. O-O Nd4 15. Ne4 Qb6 16. Nxd4 Bxd4+ 17. Kh1 Nf2+ 18. Nxf2 Qxd6 19. Ne4 Qe5 1-0

[Event "November 21 Late 2023"]
[Site "https://www.chess.com"]
[Date "2023.11.21"]
[Round "3"]
[White "Arabidze, Meri"]
[Black "Swicarz, Maciej"]
[Result "1-0"]
[Board "71"]
[TimeControl "180+1"]
[WhiteFideId "13604040"]
[BlackFideId "1113585"]
[WhiteElo "2416"]
[BlackElo "2127"]
[WhiteTeam "GEO"]
[BlackTeam "POL"]
[WhiteClock "0:01:11"]
[BlackClock "0:00:00"]

1. Nf3 c5 2. b3 Nc6 3. Bb2 Nf6 4. e3 e6 5. c4 Be7 6. Nc3 O-O 7. Qc2 a6 8. Rd1 Rb8 9. d4 cxd4 10. exd4 d5 11. a3 Re8 12. Bd3 h6 13. O-O Nh5 14. Rfe1 Nf4 15. Bf1 Na7 16. g3 Ng6 17. c5 b6 18. b4 a5 19. Bc1 Bf6 20. h4 axb4 21. axb4 bxc5 22. bxc5 Nc6 23. h5 Nf8 24. Bf4 Rb4 25. Bb5 Bd7 26. Bxc6 Bxc6 27. Be5 Nd7 28. Bxf6 Nxf6 29. Ne5 Qc7 30. Rb1 Rbb8 31. Qe2 Bd7 32. Qa6 Nxh5 33. c6 Bc8 34. Rxb8 Bxa6 35. Rxe8+ Kh7 36. Ra1 Bc4 37. Raa8 g5 38. Rh8+ Kg7 39. Rag8+ Kf6 40. Rxh6+ Kf5 41. Rxh5 f6 42. Rf8 Qa5 43. g4+ 1-0

[Event "November 21 Late 2023"]
[Site "https://www.chess.com"]
[Date "2023.11.21"]
[Round "3"]
[White "Vasquez Vargas, Henry Richard"]
[Black "Koc, Przemyslaw"]
[Result "1/2-1/2"]
[Board "72"]
[TimeControl "180+1"]
[WhiteFideId "3836878"]
[BlackFideId "1109081"]
[WhiteElo "2012"]
[BlackElo "2118"]
[WhiteTeam "PER"]
[BlackTeam "POL"]
[WhiteClock "0:00:27"]
[BlackClock "0:00:17"]

1. d4 d6 2. Nc3 e5 3. e4 exd4 4. Qxd4 Nc6 5. Qd3 g6 6. f4 Bg7 7. Nf3 Nge7 8. Be3 a6 9. O-O-O O-O 10. Nd5 Nxd5 11. exd5 Ne7 12. Bd4 b5 13. Bxg7 Kxg7 14. h4 h5 15. Qd4+ Kg8 16. Bd3 Nf5 17. Bxf5 Bxf5 18. Rde1 Qd7 19. Re3 Rfe8 20. Rhe1 c5 21. Qf6 Rxe3 22. Rxe3 Re8 23. Rxe8+ Qxe8 24. Qxd6 Qe3+ 25. Kd1 Bg4 26. Qb8+ Kh7 27. Qc7 Qg1+ 28. Kd2 Qxg2+ 29. Kc1 Qf1+ 30. Kd2 Qf2+ 31. Kc1 Qe3+ 32. Kb1 Bxf3 33. Qxf7+ Kh6 34. Qf8+ Kh7 35. Qf7+ Kh6 36. Qf8+ Kh7 37. Qf7+ 1/2-1/2

[Event "November 21 Late 2023"]
[Site "https://www.chess.com"]
[Date "2023.11.21"]
[Round "3"]
[White "YouShallNotPass001"]
[Black "Taboas Rodriguez, Daniel"]
[Result "0-1"]
[Board "73"]
[TimeControl "180+1"]
[BlackFideId "2208466"]
[WhiteElo "2445"]
[BlackElo "2365"]
[BlackTeam "ESP"]
[WhiteClock "0:01:49"]
[BlackClock "0:01:47"]

1. Nf3 Nf6 2. e3 g6 3. Be2 Bg7 4. O-O O-O 5. d4 b6 6. c4 Bb7 7. b4 d6 8. Nc3 Nbd7 9. a4 e5 10. Ba3 exd4 11. exd4 Re8 12. Rc1 Ne4 13. Nxe4 Bxe4 14. Nd2 Bb7 15. Bf3 Bxf3 16. Nxf3 Nf6 17. c5 Nd5 18. g3 Qf6 19. Kg2 Re3 20. Bb2 Rae8 21. cxd6 cxd6 22. b5 Re2 23. Qb3 Ne3+ 24. Kh3 Qf5+ 0-1

[Event "November 21 Late 2023"]
[Site "https://www.chess.com"]
[Date "2023.11.21"]
[Round "3"]
[White "Kovalevsky, Stanislav"]
[Black "2k28Lakers"]
[Result "1-0"]
[Board "74"]
[TimeControl "180+1"]
[WhiteFideId "13508598"]
[WhiteElo "2092"]
[BlackElo "2629"]
[WhiteTeam "FID"]
[WhiteClock "0:01:04"]
[BlackClock "0:01:48"]

1. e4 a6 2. d4 e6 3. Nf3 d5 4. exd5 exd5 5. Bd3 Bg4 6. h3 Bh5 7. O-O Nc6 8. Re1+ Be7 9. c3 Qd7 10. Bf4 O-O-O 11. b4 Bd6 12. Bxd6 Qxd6 13. a4 Nce7 14. a5 c6 15. Nbd2 Nf6 16. Qe2 Rd7 17. g4 Bg6 18. Ne5 Bxd3 19. Qxd3 Ng6 20. Qf5 Kc7 21. Nxd7 Qxd7 22. Qxd7+ Nxd7 23. Re3 h5 24. g5 Ndf8 25. Nf3 h4 26. Ne5 Nxe5 27. Rxe5 g6 28. Re8 Kd6 29. Rae1 Rg8 30. R1e7 Nd7 31. Rxd7+ 1-0

[Event "November 21 Late 2023"]
[Site "https://www.chess.com"]
[Date "2023.11.21"]
[Round "3"]
[White "Jimenez Ruano, Adrian"]
[Black "Spata, German"]
[Result "1-0"]
[Board "75"]
[TimeControl "180+1"]
[WhiteFideId "22276050"]
[BlackFideId "113026"]
[WhiteElo "2215"]
[BlackElo "2260"]
[WhiteTeam "ESP"]
[BlackTeam "ARG"]
[WhiteClock "0:00:12"]
[BlackClock "0:00:00"]

1. Nf3 Nf6 2. b3 b6 3. Bb2 e6 4. e3 Bb7 5. Be2 Be7 6. O-O O-O 7. c4 c5 8. Nc3 d6 9. d3 a6 10. Qd2 Nc6 11. Rad1 Rc8 12. Rfe1 Qc7 13. Qc1 Rfd8 14. Qa1 Qb8 15. Ne4 Nxe4 16. dxe4 Bf8 17. Rd2 Ne7 18. e5 d5 19. Red1 dxc4 20. bxc4 Rxd2 21. Rxd2 Rd8 22. Qd1 Nc6 23. h4 h6 24. Nh2 Rxd2 25. Qxd2 Nxe5 26. f4 Nc6 27. Ng4 Qd8 28. Qe1 Ne7 29. Nxh6+ gxh6 30. Qc3 Ng6 31. h5 Qh4 32. hxg6 fxg6 33. Qh8+ Kf7 34. Qh7+ Ke8 35. Qxb7 Qe1+ 36. Bf1 Qxe3+ 37. Kh1 Qxf4 38. Qc6+ Kf7 39. Qd7+ Be7 40. Qd3 Qh4+ 41. Kg1 Bf6 42. Qf3 Qg5 43. Bc3 Qf5 44. Qb7+ Be7 45. Qf3 g5 46. Kf2 Qxf3+ 47. Kxf3 Kg6 48. Bd3+ Kf7 49. Be4 Bf6 50. Bd2 b5 51. Bb7 Bd4 52. Bxa6 bxc4 53. Bxc4 Kf6 54. a4 e5 55. Bd3 Ke6 56. Be4 Kd6 57. a5 c4 58. a6 Kc7 59. Bc3 Kb6 60. Bxd4+ exd4 61. Bd5 c3 62. Bb3 Kxa6 63. Ke4 Kb6 64. Kxd4 h5 65. Kxc3 h4 66. Kd4 g4 67. Bd5 h3 68. g3 Kc7 69. Ke3 Kd6 70. Bh1 Ke5 71. Bc6 Kf5 72. Bd7+ Kg5 73. Bc6 Kf5 74. Bd7+ Kg5 75. Bc8 h2 76. Bb7 Kf5 77. Be4+ Ke5 78. Bh1 Kf5 79. Bc6 Ke5 80. Be4 Kd6 81. Kf4 Kc5 82. Kxg4 Kd4 83. Bh1 Ke3 84. Kh3 Kf2 85. Kxh2 Ke3 86. Kh3 Kd4 87. Kg4 Ke5 88. Kg5 Kd6 89. Kf6 1-0

[Event "November 21 Late 2023"]
[Site "https://www.chess.com"]
[Date "2023.11.21"]
[Round "3"]
[White "Koksal, Ege"]
[Black "Vadim_Galchenko"]
[Result "0-1"]
[Board "76"]
[TimeControl "180+1"]
[WhiteFideId "6317626"]
[WhiteElo "2230"]
[BlackElo "2443"]
[WhiteTeam "TUR"]
[WhiteClock "0:00:13"]
[BlackClock "0:00:13"]

1. c4 f5 2. Nc3 Nf6 3. g3 g6 4. Bg2 Bg7 5. e4 d6 6. exf5 Bxf5 7. Bxb7 Nbd7 8. Bxa8 Qxa8 9. Qf3 Ne4 10. Kf1 O-O 11. Qg2 Ne5 12. d4 Nxc4 13. Nge2 Ned2+ 14. Bxd2 Nxd2+ 15. Kg1 Nf3+ 16. Kf1 g5 17. h3 h5 18. g4 Bg6 19. d5 h4 20. Rd1 Be5 21. Ng1 Nd4 22. Nge2 Nxe2 23. Nxe2 Bxb2 24. Kg1 Be5 25. Rf1 Qb7 26. f4 Qb6+ 27. Qf2 gxf4 28. Qxb6 axb6 29. Kg2 Be4+ 30. Rf3 Ra8 31. Rc1 Rxa2 32. Kf2 Bxf3 33. Kxf3 Ra3+ 34. Ke4 Kf7 35. Kf5 Rxh3 36. Rxc7 Re3 37. Ng1 h3 38. Nxh3 Rxh3 39. g5 Rh5 40. Rc3 Bxc3 41. Ke4 Kg6 42. Kd3 Rxg5 43. Kc4 Re5 44. Kb5 Rxd5+ 45. Kc6 Rc5+ 46. Kd7 f3 47. Kxe7 f2 48. Ke8 f1=Q 49. Kd7 Qf7+ 50. Kd8 Qc7+ 51. Ke8 Re5+ 52. Kf8 Qf7# 0-1

[Event "November 21 Late 2023"]
[Site "https://www.chess.com"]
[Date "2023.11.21"]
[Round "3"]
[White "Poltorak, Sebastian"]
[Black "Bogaudinov, Rushan"]
[Result "1-0"]
[Board "77"]
[TimeControl "180+1"]
[WhiteFideId "1199498"]
[BlackFideId "4129288"]
[WhiteElo "2250"]
[BlackElo "1908"]
[WhiteTeam "POL"]
[BlackTeam "RUS"]
[WhiteClock "0:00:50"]
[BlackClock "0:00:00"]

1. e4 c5 2. Nf3 Nc6 3. Bb5 Qc7 4. Nc3 e6 5. O-O a6 6. Bxc6 Qxc6 7. d4 cxd4 8. Qxd4 d6 9. Bg5 h6 10. Bh4 b5 11. Rad1 Bb7 12. Bg3 Nf6 13. Bxd6 Bxd6 14. Qxd6 Qxd6 15. Rxd6 Bxe4 16. Nxe4 Nxe4 17. Rd4 Nf6 18. Rfd1 O-O 19. Ne5 Rfc8 20. c3 Nd5 21. a3 Rc7 22. Nd3 g5 23. Nb4 Nf4 24. Rd8+ Rxd8 25. Rxd8+ Kg7 26. Rd6 a5 27. Nc2 Nd5 28. g3 b4 29. axb4 axb4 30. Nxb4 Nxb4 31. cxb4 Rb7 32. Rd4 Kf6 33. f4 e5 34. fxe5+ Kxe5 35. Rc4 Kd5 36. b3 f5 37. Kf2 Ra7 38. Ke3 Ra2 39. Rc5+ Ke6 40. Rc6+ Ke5 41. Rc5+ Ke6 42. h4 Rb2 43. Rc3 Ke5 44. b5 f4+ 45. gxf4+ gxf4+ 46. Kf3 Ra2 47. b6 Ra6 48. Rc6 Ra3 49. Rc5+ Kd4 50. Rb5 Ra8 51. b7 Rb8 52. Kxf4 h5 53. Kg5 Rg8+ 54. Kxh5 Rb8 55. Kg6 1-0

[Event "November 21 Late 2023"]
[Site "https://www.chess.com"]
[Date "2023.11.21"]
[Round "3"]
[White "topce"]
[Black "Maltsevskaya, Aleksandra"]
[Result "1-0"]
[Board "78"]
[TimeControl "180+1"]
[BlackFideId "24174041"]
[WhiteElo "2438"]
[BlackElo "2296"]
[BlackTeam "POL"]
[WhiteClock "0:00:31"]
[BlackClock "0:00:00"]

1. c4 Nf6 2. Nc3 g6 3. d4 Bg7 4. e4 d6 5. f4 O-O 6. Nf3 Bg4 7. d5 e6 8. dxe6 Bxe6 9. Bd3 Nc6 10. f5 Bd7 11. O-O h6 12. fxg6 fxg6 13. e5 Nxe5 14. Nxe5 dxe5 15. Bxg6 Be6 16. b3 c6 17. Qxd8 Rfxd8 18. Ba3 Rd2 19. Rfd1 Rad8 20. Be7 Rxd1+ 21. Rxd1 Rxd1+ 22. Nxd1 Nd7 23. Ne3 Bf8 24. Bxf8 Kxf8 25. Kf2 Ke7 26. Kf3 Nc5 27. Bc2 a5 28. Ng4 e4+ 29. Kg3 Bxg4 30. Kxg4 Kf6 31. Kf4 a4 32. b4 Na6 33. a3 c5 34. b5 Nb4 35. Bxe4 1-0

[Event "November 21 Late 2023"]
[Site "https://www.chess.com"]
[Date "2023.11.21"]
[Round "3"]
[White "Wieczorek, Oskar"]
[Black "Batsiashvili, Nino"]
[Result "1-0"]
[Board "79"]
[TimeControl "180+1"]
[WhiteFideId "1133950"]
[BlackFideId "13602993"]
[WhiteElo "2407"]
[BlackElo "2233"]
[WhiteTeam "POL"]
[BlackTeam "GEO"]
[WhiteClock "0:00:12"]
[BlackClock "0:00:03"]

1. e4 e5 2. Nf3 Nc6 3. Nc3 Nf6 4. h3 d6 5. d4 Be7 6. d5 Nb8 7. Bc4 O-O 8. a4 Kh8 9. a5 Ng8 10. g4 Nd7 11. Be3 c6 12. a6 Nb6 13. Bb3 cxd5 14. Nxd5 bxa6 15. Qd2 Bb7 16. O-O Nf6 17. Nxf6 Bxf6 18. Bxb6 axb6 19. Bd5 Bxd5 20. Qxd5 Qc7 21. c3 b5 22. Rfd1 Be7 23. Kg2 f6 24. Nh4 Rfd8 25. Nf5 Bf8 26. h4 g6 27. Ne3 Qd7 28. h5 Bh6 29. hxg6 Bxe3 30. fxe3 Qxg4+ 31. Kf2 Qh4+ 32. Ke2 Qh5+ 33. Kd3 Qxg6 34. Rg1 Qe8 35. Rg3 Qe7 36. Rag1 Rf8 37. Ke2 Rad8 38. Rg7 Qxg7 39. Rxg7 Kxg7 40. Qb7+ Kg6 41. Qxa6 h5 42. Kf3 f5 43. Qxb5 fxe4+ 44. Kxe4 h4 45. Qe2 Rh8 46. Qg4+ Kf6 47. Qf5+ Ke7 48. Kd5 Rd7 49. Qe6+ Kd8 50. Qf6+ Kc7 51. Qxh8 1-0

[Event "November 21 Late 2023"]
[Site "https://www.chess.com"]
[Date "2023.11.21"]
[Round "3"]
[White "Rakitic2010"]
[Black "Principe, Gerson"]
[Result "1-0"]
[Board "80"]
[TimeControl "180+1"]
[BlackFideId "3804550"]
[WhiteElo "2435"]
[BlackElo "2186"]
[BlackTeam "PER"]
[WhiteClock "0:00:10"]
[BlackClock "0:00:04"]

1. e4 c6 2. Nf3 d5 3. exd5 cxd5 4. Ne5 Nc6 5. d4 Nf6 6. Bb5 Bd7 7. Bxc6 bxc6 8. Nd2 e6 9. Nb3 Be7 10. O-O O-O 11. Bg5 h6 12. Bh4 Qc7 13. Nc5 Bxc5 14. Bxf6 gxf6 15. Nxd7 Qxd7 16. dxc5 e5 17. Qh5 Kh7 18. a4 Rg8 19. Ra3 Rg5 20. Qh3 Qxh3 21. Rxh3 Rb8 22. b3 e4 23. Rd1 f5 24. g3 f4 25. Rh4 f3 26. Kf1 Rd8 27. Ke1 Re5 28. Rd4 Rde8 29. Rf4 Kg6 30. b4 f5 31. c4 e3 32. fxe3 Rxe3+ 33. Kf2 Re2+ 34. Kf1 Re1+ 35. Kf2 R8e2+ 36. Kxf3 Rxh2 37. cxd5 Rf1+ 38. Ke3 Re1+ 39. Kf3 Rf1+ 40. Ke3 Re1+ 41. Kd3 cxd5 42. Rxd5 Rd1+ 43. Kc4 Rc2+ 44. Kb3 Rxd5 45. Kxc2 a5 46. Kc3 axb4+ 47. Kxb4 Rd3 48. a5 Rxg3 49. c6 Rg1 50. c7 Rb1+ 51. Kc5 Rc1+ 52. Rc4 1-0

[Event "November 21 Late 2023"]
[Site "https://www.chess.com"]
[Date "2023.11.21"]
[Round "3"]
[White "Real_taiatai"]
[Black "Ballester Llagaria, Luis Eduardo"]
[Result "1-0"]
[Board "81"]
[TimeControl "180+1"]
[BlackFideId "2297620"]
[WhiteElo "2434"]
[BlackElo "2344"]
[BlackTeam "ESP"]
[WhiteClock "0:00:22"]
[BlackClock "0:01:18"]

1. d4 e6 2. Nf3 c5 3. c3 Nf6 4. Bg5 Qb6 5. Bxf6 gxf6 6. Qc2 Nc6 7. e3 d5 8. Nbd2 f5 9. Be2 Bd6 10. h3 Bd7 11. g4 Ne7 12. gxf5 Nxf5 13. e4 Ne7 14. e5 Bc7 15. Nb3 Ba4 16. dxc5 Qxc5 17. Nxc5 Bxc2 18. Bb5+ Kd8 19. Nd4 Bg6 20. Nxb7+ Kc8 21. Nd6+ Bxd6 22. exd6 Nf5 23. Nc6 Kd7 24. Nxa7+ Kxd6 25. Nc6 Rhb8 26. Nxb8 Rxb8 27. a4 Nh4 28. Ke2 Bh5+ 29. Ke3 Nf5+ 30. Kd2 Bf3 31. Rhg1 Be4 32. b4 Nh4 33. Be2 Nf3+ 34. Bxf3 Bxf3 35. a5 d4 36. cxd4 Kd5 37. a6 Kxd4 38. a7 Rxb4 39. a8=Q Bxa8 40. Rxa8 Rb2+ 41. Kc1 Rxf2 42. Ra4+ Ke5 43. Kd1 Rh2 44. Ra3 f5 45. Ke1 Rb2 46. Kf1 Kf4 47. Rg2 Rb1+ 48. Kf2 e5 49. Rf3+ Ke4 50. Re3+ Kf4 51. Re2 e4 52. Rg7 h5 53. Kg2 Rb3 54. Rf7 Rg3+ 55. Kh2 Rf3 56. Rh7 Kg5 57. Rg2+ Kh4 58. Rf7 Rxh3+ 59. Kg1 Rf3 60. Rf2 Rxf2 61. Kxf2 Kg5 62. Ke3 Kg4 63. Rg7+ Kh3 64. Kf4 h4 65. Kxf5 e3 66. Kf4 e2 67. Re7 e1=Q 68. Rxe1 Kg2 69. Kg4 h3 70. Re2+ Kf1 71. Rh2 1-0

[Event "November 21 Late 2023"]
[Site "https://www.chess.com"]
[Date "2023.11.21"]
[Round "3"]
[White "Golubev, Mikhail"]
[Black "Gurevich, Dmitry"]
[Result "0-1"]
[Board "82"]
[TimeControl "180+1"]
[WhiteFideId "14100983"]
[BlackFideId "2000407"]
[WhiteElo "2352"]
[BlackElo "2506"]
[WhiteTeam "UKR"]
[BlackTeam "USA"]
[WhiteClock "0:00:00"]
[BlackClock "0:00:07"]

1. e4 c5 2. Nf3 d6 3. d4 cxd4 4. Nxd4 Nf6 5. Nc3 Nc6 6. Bc4 Bd7 7. Bb3 g6 8. Be3 Ng4 9. Nxc6 bxc6 10. Qf3 Nf6 11. h3 Bg7 12. O-O-O O-O 13. g4 Qc7 14. e5 dxe5 15. Bc5 Rae8 16. Rhe1 Be6 17. Bxe6 fxe6 18. Qe2 Nd5 19. Ne4 Rf4 20. g5 Ref8 21. Kb1 R4f5 22. Qc4 Kh8 23. h4 Rf4 24. h5 gxh5 25. Rh1 h4 26. Qe2 Qb7 27. Rde1 Rxe4 28. Qh5 Rxe1+ 29. Rxe1 Nf4 30. Qxh4 Ng6 31. Qh3 Rf5 32. Rh1 Nf8 33. g6 h5 34. Qg4 Kg8 35. Rxh5 Rxh5 36. Qxh5 Qd7 37. a3 Qd5 38. Bxe7 Qe4 39. Bc5 Qf5 40. Qe2 e4 41. Qc4 Qd5 42. Qb4 Qe5 43. c3 Nxg6 0-1

[Event "November 21 Late 2023"]
[Site "https://www.chess.com"]
[Date "2023.11.21"]
[Round "3"]
[White "Vlassov, Nikolai"]
[Black "Pace, Christopher"]
[Result "1-0"]
[Board "83"]
[TimeControl "180+1"]
[WhiteFideId "4103360"]
[BlackFideId "2610167"]
[WhiteElo "2324"]
[BlackElo "2431"]
[WhiteTeam "FID"]
[BlackTeam "CAN"]
[WhiteClock "0:00:51"]
[BlackClock "0:00:16"]

1. e4 e5 2. Bc4 Nf6 3. d3 h6 4. Nc3 c6 5. f4 exf4 6. Bxf4 d5 7. Bb3 dxe4 8. Nxe4 Nxe4 9. dxe4 Qxd1+ 10. Rxd1 Bg4 11. Nf3 Nd7 12. O-O Bc5+ 13. Kh1 O-O 14. h3 Bxf3 15. Rxd7 Bxe4 16. Rxb7 Bd5 17. Bxd5 cxd5 18. Rd1 Rad8 19. Rb5 Bb6 20. Rbxd5 Rxd5 21. Rxd5 Re8 22. c4 Re1+ 23. Kh2 Bg1+ 24. Kg3 Re2 25. Be5 Bb6 26. Bc3 Re3+ 27. Kf4 Re2 28. c5 Bc7+ 29. Kf3 Re6 30. Rd7 Rc6 31. b4 a6 32. Ke4 Bg3 33. Kd5 Rc8 34. a4 Kf8 35. b5 1-0